 Dungeon Crawl Stone Soup version 0.17-a0-1805-g6093636 (webtiles) character file.

408 Gallahalt the Grave Robber (level 6, -1/43 HPs)
             Began as a Demonspawn Necromancer on Sept 12, 2015.
             Was an Initiate of Okawaru.
             Slain by a wight
             ... wielding a +0 great sword
              (6 damage)
             ... on level 5 of the Dungeon.
             The game lasted 00:51:46 (7434 turns).

Gallahalt the Grave Robber (Demonspawn Necromancer) Turns: 7434, Time: 00:51:46

Health: -1/43      AC:  8    Str:  9    XL:     6   Next: 57%
Magic:  11/11      EV:  7    Int: 17    God:    Okawaru [......]
Gold:   278        SH:  6    Dex: 14    Spells: 5 memorised, 0 levels left

rFire  . . .     SeeInvis +     q - +2 trident (pierce)
rCold  . . .     Clarity  .     m - +0 ring mail
rNeg   . . .     SustAt   .     y - +0 shield
rPois  .         Gourm    .     A - +0 helmet
rElec  .         Spirit   .     I - +0 cloak
rCorr  .         Warding  .     k - +0 pair of gloves
rMut   .         Stasis   .     (no boots)
MR     .....                    (no amulet)
Stlth  ++........               M - ring of see invisible
                                d - ring of wizardry

@: drained, not resistant to hostile enchantments, unstealthy
A: talons 1, nightstalker 1, rot immunity
a: Renounce Religion


You were on level 5 of the Dungeon.
You worshipped Okawaru.
Okawaru was noncommittal.
You were hungry.

You visited 1 branch of the dungeon, and saw 5 of its levels.

You collected 278 gold pieces.

Inventory:

Hand weapons
 f - a +0 hand axe
 o - a +0 hunting sling
 q - a +2 trident of piercing (weapon)
Missiles
 l - 19 sling bullets
 w - 74 stones (quivered)
Armour
 a - a +0 robe
 k - a +0 pair of gloves (worn)
 m - a +0 ring mail (worn)
 t - a +0 scale mail
 x - a +3 leather armour
 y - a +0 shield (worn)
 A - a +0 helmet (worn)
 I - a +0 cloak (worn)
Magical staves
 u - an uncursed staff of poison {unknown}
Jewellery
 d - a ring of wizardry (left hand)
 M - a ring of see invisible (right hand)
Magical devices
 z - a wand of draining (5)
 B - a wand of draining (7)
 K - a wand of paralysis (14)
Scrolls
 e - 4 scrolls of remove curse
 i - 10 scrolls of identify
 r - 2 scrolls of magic mapping
 D - a scroll of blinking
 G - a scroll of amnesia
 L - a scroll of noise
Potions
 n - 2 potions of degeneration {unknown}
 p - a potion of flight
 C - a potion of curing
 E - 2 potions of might {unknown}
 H - a potion of cancellation {unknown}
Books
 b - a book of Necromancy

   Spells                             Type                      Level
   a - Pain                           Necromancy                   1
   b - Animate Skeleton               Necromancy                   1
   c - Vampiric Draining              Necromancy                   3
   d - Regeneration                   Charms/Necromancy            3
   e - Animate Dead                   Necromancy                   4
   f - Control Undead                 Necromancy                   4
 F - a book of Hinderance

   Spells                             Type                      Level
   a - Confusing Touch                Hexes                        2
   b - Confuse                        Hexes                        3
   c - Gell's Gravitas                Hexes/Translocation          3
   d - Petrify                        Transmutation/Earth          4
   e - Metabolic Englaciation         Hexes/Ice                    5
Comestibles
 c - 2 bread rations
 g - 2 slices of pizza
 h - 4 fruits
 j - 2 beef jerkies
 s - 3 meat rations
 v - a royal jelly


   Skills:
 + Level 1.3(0.6) Fighting
 + Level 0.1(0.0) Axes
 + Level 0.1(0.0) Polearms
 + Level 1.5(0.9) Armour
 + Level 3.1(2.4) Dodging
 + Level 2.1(1.5) Stealth
 + Level 0.5(0.0) Shields
 + Level 3.9(3.2) Spellcasting
 + Level 5.9(5.2) Necromancy


You couldn't memorise any spells.
You knew the following spells:

 Your Spells              Type           Power        Failure   Level  Hunger
a - Pain                  Necr           ###.         16%         1    None
b - Animate Skeleton      Necr           N/A          16%         1    None
c - Vampiric Draining     Necr           ###.......   65%         3    ###....
d - Animate Dead          Necr           N/A          97%         4    ####...
e - Regeneration          Chrm/Necr      ##........   98%         3    ###....


Dungeon Overview and Level Annotations

Branches:
Dungeon (5/15)
 Temple: D:4-7

Altars:
Dithmenos
Gozag
Nemelex Xobeh
Okawaru
Qazlal
Sif Muna
The Shining One

Shops:
D:5 (


Innate Abilities, Weirdness & Mutations

You have sharp toenails.
You are slightly more attuned to the shadows.
You are immune to rotting.


Message History

The wight is heavily damaged.
The wight hits you but does no damage.
You closely miss the wight. Your kick misses the wight.
The wight is heavily damaged.
The wight hits you with a great sword.
* * * LOW HITPOINT WARNING * * *
Casting: Animate Skeleton
Confirm with . or Enter, or press ? or * to list all spells.
The spell is very dangerous to cast!
Continue anyway?
Okay, then.
You closely miss the wight. You claw the wight, but do no damage.
The wight is heavily damaged.
The wight completely misses you.
You closely miss the wight.
The wight is heavily damaged.
The wight hits you but does no damage.
Your ring mail prevents you from hitting the wight.
The wight is heavily damaged.
The wight hits you with a great sword.
You die...

#########
?.#######)......#
#.....)...#####.#
#.....z@.....##.# ##
.....#######....####
##. #.##.
##......###.. . #
#....##..#...
......#.###..<.. #
....##..# ###... #
....##.## ##.. #
####
#........#######..
### ###...
#....###....).)..)


You could see a wight.

Vanquished Creatures
  2 wights (D:5)
  A hound (D:4)
  An orc priest (D:5)
  2 worker ants
  3 gnolls (D:3)
  13 adders
  An ooze (D:2)
  An adder skeleton (D:5)
  2 giant geckos
  3 orcs (D:5)
  A ball python (D:4)
  5 bats
  9 hobgoblins
  2 jackals (D:2)
  A quokka (D:4)
  A giant gecko skeleton (D:4)
  2 giant newts
  2 goblins
  4 kobolds
  5 rats
61 creatures vanquished.

Vanquished Creatures (collateral kills)
  An adder (D:3)
  A worm (D:2)
  4 giant geckos
  An orc (D:5)
  A ball python (D:3)
  2 giant cockroaches
  4 goblins
  2 hobgoblins
  A quokka (D:2)
  4 bats
  3 giant newts
  2 jackals (D:3)
  3 rats (D:2)
29 creatures vanquished.

Grand Total: 90 creatures vanquished

Notes
Turn   | Place    | Note
--------------------------------------------------------------
     0 | D:1      | Gallahalt the Demonspawn Necromancer began the quest for the Orb.
     0 | D:1      | Reached XP level 1. HP: 13/13 MP: 3/3
    62 | D:1      | Learned a level 1 spell: Animate Skeleton
  1320 | D:1      | Gained mutation: You are slightly more attuned to the shadows. [demonic ancestry]
  1320 | D:1      | Reached XP level 2. HP: 10/19 MP: 0/5
  1497 | D:1      | Reached skill level 5 in Necromancy
  2238 | D:2      | Reached XP level 3. HP: 22/24 MP: 3/6
  2489 | D:2      | HP: 1/24 [adder (3)]
  3083 | D:2      | Learned a level 3 spell: Vampiric Draining
  3269 | D:3      | Gained mutation: You are immune to rotting. [demonic ancestry]
  3269 | D:3      | Reached XP level 4. HP: 28/30 MP: 5/8
  4025 | D:3      | Found an iron altar of Okawaru.
  4028 | D:3      | Found a deep blue altar of Sif Muna.
  4029 | D:3      | Found a sparkling altar of Nemelex Xobeh.
  4033 | D:3      | Found a glowing golden altar of the Shining One.
  4033 | D:3      | Found a stormy altar of Qazlal.
  4035 | D:3      | Found an opulent altar of Gozag.
  4080 | D:3      | Became a worshipper of Warmaster Okawaru
  4465 | D:4      | Reached XP level 5. HP: 28/35 MP: 0/10
  5407 | D:4      | Found an opulent altar of Gozag.
  5829 | D:4      | Reached skill level 1 in Armour
  6262 | D:4      | Gained mutation: You have sharp toenails. [demonic ancestry]
  6262 | D:4      | Reached XP level 6. HP: 35/42 MP: 11/11
  6334 | D:5      | Entered Level 5 of the Dungeon
  6342 | D:5      | Found a shadowy altar of Dithmenos.
  6872 | D:5      | Learned a level 4 spell: Animate Dead
  6897 | D:5      | Found Soedyseg's Antique Weapon Shoppe.
  6913 | D:5      | Learned a level 3 spell: Regeneration
  6943 | D:5      | Reached skill level 1 in Fighting
  7434 | D:5      | Slain by a wight

Vault maps used:
D:1:      lightli_arrival_noodles
D:3:      grunt_temple_overflow_open
D:4:      first_bread, grunt_gozag_statues
D:5:      grunt_dithmenos_smoke, serial_shops, nicolae_shop_behind_doors,
          uniq_menkaure

Action                   |  1- 3 |  4- 6 || total
-------------------------+-------+-------++-------
Melee: Hand axe          |    46 |       ||    46
       Unarmed           |     1 |       ||     1
       Trident           |    14 |   128 ||   142
 Cast: Pain              |    39 |    28 ||    67
       Animate Skeleton  |    20 |    23 ||    43
       Vampiric Draining |     1 |     7 ||     8
Evoke: Wand              |       |     1 ||     1
  Use: Scroll            |     5 |     4 ||     9
       Potion            |     3 |     3 ||     6
 Stab: Sleeping          |       |     1 ||     1
  Eat: Bread ration      |     2 |     3 ||     5
